 Dungeon Crawl Stone Soup version 0.31-a0-1352-gc98d92de7d (webtiles) character file.

Game seed: 4499937204234529944

4188 Arcadio the Grappler (level 10, 0/102 HPs)
             Began as a Troll Monk on Dec 22, 2023.
             Was a Priest of Qazlal.
             Slain by an ice beast (12 damage)
             ... on level 8 of the Dungeon.
             The game lasted 00:11:21 (5447 turns).

Arcadio the Grappler (Troll Monk)                   Turns: 5447, Time: 00:11:21

Health: 0/102      AC:  9    Str: 25    XL:     10   Next: 8%
Magic:  9/9        EV: 17    Int: 12    God:    Qazlal [***...]
Gold:   451        SH:  4    Dex: 12    Spells: 9/9 levels left

rFire   . .          .
                       - Unarmed
rCold   . . .        c - orb {light}
rNeg    . . .        f - +0 steam dragon scales
rPois   .            (helmet restricted)
rElec   .            x - +1 cloak
rCorr   .            (gloves unavailable)
SInv    .            (boots unavailable)
Will    .....        (no amulet)
Stlth   +            n - +6 ring of intelligence
HPRegen 1.17/turn    o - +5 ring of evasion
MPRegen 0.11/turn

%: no passive effects
@: glowing, studying Earth Magic
A: large, unfitting armour, claws 3, regeneration 1, shaggy fur 1, tough skin 1
a: Renounce Religion, Upheaval, Elemental Force


You were on level 8 of the Dungeon.
You worshipped Qazlal.
Qazlal was most pleased with you.
You visited 2 branches of the dungeon, and saw 9 of its levels.

You collected 503 gold pieces.
You spent 52 gold pieces at shops.

Inventory:

Missiles
 F - 2 throwing nets
Armour
 a - a +0 robe
 c - an orb of light (worn)
 f - +0 steam dragon scales (worn)
 x - a +1 cloak (worn)
Jewellery
 n - a +6 ring of intelligence (left claw)
 o - a +5 ring of evasion (right claw)
 D - a +6 ring of intelligence
Wands
 v - a wand of polymorph (4)
Scrolls
 h - a scroll of enchant weapon {unknown}
 j - a scroll of revelation
 p - 2 scrolls of vulnerability {unknown}
 s - a scroll of acquirement {unknown}
 t - a scroll of brand weapon {unknown}
 u - 2 scrolls of fog
 w - a scroll of enchant armour
 y - a scroll of fear {unknown}
 z - 2 scrolls of torment {unknown}
 B - a scroll of noise {unknown}
 C - a scroll of amnesia {unknown}
 G - 2 scrolls of immolation {unknown}
Potions
 b - 2 potions of ambrosia
 d - a potion of heal wounds
 e - a potion of resistance {unknown}
 g - 2 potions of haste
 i - a potion of invisibility {unknown}
 k - 3 potions of berserk rage
 l - a potion of curing
 m - 5 potions of attraction {unknown}
 q - a potion of brilliance {unknown}
 A - 2 potions of mutation {unknown}
 E - 2 potions of enlightenment {unknown}


   Skills:
 + Level 7.6 Fighting
 + Level 7.5 Dodging
 + Level 9.0 Unarmed Combat


You had 9 spell levels left.
You didn't know any spells.
Your spell library contained the following spells:

 Spells                   Type           Power      Damage    Failure   Level
 Freeze                   Ice            0%         1d3       32%         1
 Sting                    Conj/Alch      0%         1d3       32%         1
 Summon Small Mammal      Summ           0%         N/A       32%         1
 Cigotuvi's Dreadful Rot  Necr/Alch/Air  0%         N/A       45%         2
 Mercury Vapours          Alch/Air       0%         N/A       45%         2
 Call Canine Familiar     Summ           0%         N/A       69%         3
 Frozen Ramparts          Ice            0%         1d1       69%         3
 Hailstorm                Conj/Ice       0%         3d5       69%         3
 Summon Guardian Golem    Hex/Summ       0%         N/A       69%         3
 Ignite Poison            Fire/Alch      0%         N/A       97%         4
 Olgreb's Toxic Radiance  Alch           0%         N/A       97%         4
 Freezing Cloud           Conj/Ice/Air   0%         6-21      100%        5
 Orb of Destruction       Conj           0%         9d5       100%        7
 Spellforged Servitor     Conj/Summ      0%         N/A       100%        7


Dungeon Overview and Level Annotations

Branches:
Dungeon (8/15) Zot: 26935  Temple (1/1) D:6 Zot: 5961
   Lair: D:8-11

Altars:
Ashenzari
Dithmenos
Elyvilon
Fedhas
Hepliaklqana
Kikubaaqudgha
Makhleb
Nemelex Xobeh
Okawaru
Qazlal
Ru
Sif Muna
Trog
Uskayaw
Vehumet
Wu Jian
Xom
Yredelemnul
Zin

Shops:
D:2 ::!   D:3 *

Annotations:
D:3 3 runed translucent doors, Armakuni's ghost, amateur OnCj
D:6 2 transporters, t4s4d4r's ghost, novice OnFi
D:7 2 transporters, MrCrawl's ghost, novice DrFE


Innate Abilities, Weirdness & Mutations

You are too large for most types of armour.
You have claws for hands.
Your natural rate of healing is unusually fast.
You are covered in fur. (AC +1)
You have tough skin. (AC +1)


Message History

The gnoll hits you with a +0 club.
The ice beast hits you but does no damage.
The centaur wields a +0 shortbow.
The centaur shoots an arrow.
The arrow closely misses you.
The arrow hits the gnoll.
You scratch the two-headed ogre.
The two-headed ogre is severely wounded.
The gnoll completely misses you. The gnoll misses you.
The ice beast completely misses you.
The centaur shoots an arrow.
The arrow hits you!
The two-headed ogre hits you with a +0 giant spiked club!!
The two-headed ogre hits you with a +0 giant club!
You hear an angry hiss.
You scratch the two-headed ogre but do no damage.
The two-headed ogre is heavily wounded.
The centaur shoots an arrow.
The arrow barely misses you.
The arrow barely misses the gnoll.
The gnoll closely misses you. The gnoll completely misses you.
The ice beast misses you.
You mangle the two-headed ogre!!
The two-headed ogre is almost dead.
The two-headed ogre hits you with a +0 giant spiked club!!
* * * LOW HITPOINT WARNING * * *
The two-headed ogre barely misses you. The gnoll completely misses you.
The gnoll misses you.
The ice beast hits you but does no damage.
You hear an angry hiss.
You feel much better.
The centaur shoots an arrow.
The arrow hits you!
* * * LOW HITPOINT WARNING * * *
The centaur shoots an arrow.
The arrow hits you!
* * * LOW HITPOINT WARNING * * *
The gnoll closely misses you. x2; The ice beast misses you.
You feel better.
The centaur shoots an arrow.
The arrow hits you.
* * * LOW HITPOINT WARNING * * *
The two-headed ogre is engulfed in blazing flames.
You kill the two-headed ogre!
Qazlal accepts your kill. The gnoll hits you but does no damage.
The gnoll barely misses you. The ice beast hits you.
* * * LOW HITPOINT WARNING * * *
The ice beast freezes you!
You die...

.............##.....
#...## #...##.##.#
#....# #......##.#
#....####.)######.#
#.......#..# #..
#..........# ... #
#.))###.##.# #.#
#.#.).###....# ?#
#.c)@..#######
#..Y☼g.# #...g..#
#.#.......
#.#.#.>)....
#.#.#.#..... #.
....... #. ###....
#. ....


You could see an ice beast, a centaur and 2 gnolls.

Vanquished Creatures
  2 two-headed ogres
  4 yaks (D:4)
  2 steam dragons (D:7)
  A water moccasin (D:4)
  2 black bears
  An orc warrior (D:7)
  2 ice beasts
  3 sky beasts (D:7)
  2 centaurs (D:8)
  2 ogres (D:5)
  2 phantoms
  2 kobold brigands (D:6)
  2 bullfrogs
  A gnoll sergeant (D:6)
  3 scorpions
  A wight (D:8)
  3 killer bees (D:6)
  A jelly (D:5)
  2 hounds (D:6)
  A gnoll bouda (D:6)
  3 orc priests
  Crazy Yiuf (D:3)
  2 sleepcaps
  4 iguanas
  4 orc wizards
  10 gnolls
  7 adders
  5 white imps
  A dart slug (D:2)
  27 orcs
  7 endoplasms
  3 giant cockroaches
  18 goblins
  9 hobgoblins
  16 kobolds
  2 quokkas
  8 ball pythons
  6 bats
  3 frilled lizards
  A rat (D:3)
176 creatures vanquished.

Notes
Turn   | Place    | Note
-------+----------+-------------------------------------------
     0 | D:1      | Arcadio the Troll Monk began the quest for the Orb.
     0 | D:1      | Reached XP level 1. HP: 22/22 MP: 0/0
   227 | D:1      | Reached XP level 2. HP: 29/29 MP: 1/1
   663 | D:2      | Found Ruifeas's Book Emporium.
   738 | D:2      | Reached XP level 3. HP: 36/36 MP: 2/2
   738 | D:2      | Found Desaozej's Distillery.
   760 | D:2      | Bought a potion of curing for 39 gold pieces
   760 | D:2      | Bought a potion of degeneration for 13 gold pieces
   966 | D:2      | Found Iguofali's Book Emporium.
  1074 | D:3      | Found Joece's Assorted Antiques.
  1147 | D:3      | Reached XP level 4. HP: 45/45 MP: 3/3
  1302 | D:3      | Found a runed translucent gate.
  1302 | D:3      | Found a runed translucent gate.
  1302 | D:3      | Found a runed translucent gate.
  1304 | D:3      | Noticed Armakuni's ghost (amateur OnCj)
  1305 | D:3      | Noticed a kobold brigand
  1340 | D:3      | Found a sparkling altar of Nemelex Xobeh.
  1653 | D:3      | Found a runed translucent door.
  1654 | D:3      | Noticed Crazy Yiuf
  1831 | D:3      | Killed Crazy Yiuf
  1832 | D:3      | Reached skill level 4 in Unarmed Combat
  1911 | D:4      | Noticed a scorpion
  1913 | D:4      | a scorpion changed into a hobgoblin
  2005 | D:4      | Noticed a scorpion
  2010 | D:4      | Reached XP level 5. HP: 53/53 MP: 4/4
  2049 | D:4      | Found a shimmering blue altar of Sif Muna.
  2181 | D:4      | Identified the orb of Honesty {mayhem, Str+2 Stlth- Hexes}
  2270 | D:4      | Noticed an ice beast
  2272 | D:4      | an ice beast changed into a water moccasin
  2272 | D:4      | Noticed a water moccasin
  2278 | D:4      | Killed a water moccasin
  2279 | D:4      | Reached XP level 6. HP: 48/62 MP: 5/5
  2621 | D:5      | Entered Level 5 of the Dungeon
  2720 | D:5      | Reached skill level 5 in Unarmed Combat
  2739 | D:5      | Reached XP level 7. HP: 71/71 MP: 6/6
  2787 | D:5      | Found an ornate altar of the Wu Jian Council.
  2897 | D:5      | Found a shadowy altar of Dithmenos.
  2915 | D:5      | Found a burning altar of Makhleb.
  3005 | D:5      | Noticed a yak
  3006 | D:5      | Noticed a yak
  3012 | D:5      | Noticed a yak
  3014 | D:5      | Noticed a yak
  3031 | D:4      | Killed a yak
  3032 | D:4      | Reached skill level 5 in Fighting
  3032 | D:4      | Reached skill level 5 in Dodging
  3032 | D:4      | Reached skill level 6 in Unarmed Combat
  3032 | D:4      | Reached XP level 8. HP: 75/80 MP: 7/7
  3274 | D:5      | Identified the +10 spear of Internal Strife {flame, rPois
                  | rC+ Will+}
  3568 | D:6      | Reached skill level 7 in Unarmed Combat
  3665 | D:6      | Found a staircase to the Ecumenical Temple.
  3674 | Temple   | Entered the Ecumenical Temple
  3693 | Temple   | Became a worshipper of Qazlal Stormbringer
  3693 | Temple   | Reached * piety under Qazlal
  3693 | Temple   | Reached ** piety under Qazlal
  3754 | D:6      | Noticed t4s4d4r's ghost (novice OnFi)
  3756 | D:6      | Found a transporter.
  3794 | D:6      | Found a transporter.
  3902 | D:6      | Reached XP level 9. HP: 61/89 MP: 8/8
  4264 | D:6      | Found a hide-covered altar of Uskayaw.
  4460 | D:6      | Found a sacrificial altar of Ru.
  4921 | D:7      | Found a transporter.
  4924 | D:7      | Noticed MrCrawl's ghost (novice DrFE)
  4924 | D:7      | Noticed a two-headed ogre
  4925 | D:7      | Found a transporter.
  4925 | D:7      | Identified the +9 dire flail of Izued {spect, Will+}
  4926 | D:7      | Killed a two-headed ogre
  4927 | D:7      | Reached skill level 8 in Unarmed Combat
  5191 | D:7      | Reached *** piety under Qazlal
  5332 | D:7      | Reached XP level 10. HP: 102/102 MP: 9/9
  5390 | D:8      | Reached skill level 9 in Unarmed Combat
  5415 | D:8      | Identified the +7 sling of Eye-covered Expedience {freeze,
                  | rN+ Stlth+}
  5437 | D:8      | Noticed a two-headed ogre
  5445 | D:8      | HP: 2/102 [two-headed ogre/+0 giant spiked club (32)]
  5447 | D:8      | Killed a two-headed ogre
  5447 | D:8      | Slain by an ice beast

Illustrated notes

Levels and vault maps discovered:
D:1:      minmay_arrival_split_and_join, layout_basic
D:2:      layout_rooms, serial_shops, nicolae_shop_rolling_square,
          nicolae_book_shop_shelving, shop_fountains
D:3:      layout_rooms, lemuel_tele_altar, gammafunk_ghost_nasty_kobolds,
          serial_shops, nicolae_shop_peninsula, uniq_crazy_yiuf_cottage
D:4:      nicolae_BIG_FREAKIN_CUBE, layout_basic, hellmonk_sif_muna_bookshelves,
          serial_bayou_lagoon_a, nicolae_zig_zag_zippers
D:5:      layout_basic, lemuel_doored_altar, mainiacjoe_overflow_swirl,
          minmay_ogre_servants
D:6:      layout_loops_cross, nicolae_uskayaw_dance_studio,
          nicolae_ru_the_path_less_chosen, minmay_temple_entry_poolview,
          gammafunk_ghost_arena, grunt_decor_arrowhead
D:7:      layout_cave_pools, gammafunk_ghost_smash, hangedman_misty_isle
D:8:      nzn_winding_woodlands_small [nzn_winding_woodlands_5x15_longhouse,
          nzn_winding_woodlands_center_garden,
          nzn_winding_woodlands_5x15_lazy_stream], layout_basic,
          dpeg_oklobed_lair, enter_bailey_6, minmay_manual_mares
Temple:   minmay_temple_bridge_abc

Skill      XL: |  1  2  3  4  5  6  7  8  9 10 |
---------------+-------------------------------+-----
Fighting       | 3 4 5 6 7 |  7.6
Dodging        | 3 4 5 6 7 |  7.5
Unarmed Combat | 4 5 6 7 8 9 |  9.0

Action                     |  1- 3 |  4- 6 |  7- 9 | 10-12 || total
---------------------------+-------+-------+-------+-------++-------
  Melee: Unarmed           |    75 |    93 |   230 |    24 ||   422
  Evoke: Wand              |       |     3 |       |       ||     3
    Use: Scroll            |       |     1 |     7 |       ||     8
         Potion            |       |       |     1 |     2 ||     3
 Armour: Robe              |    31 |    37 |   131 |       ||   199
         Steam dragon scal |       |       |     2 |    20 ||    22
  Dodge: Dodged            |    49 |    53 |   207 |    30 ||   339

Table legend: (Time is in decaauts)
 A = Elapsed time spent in this place.
 B = Non-inter-level travel time spent in this place.
 C = Inter-level travel time spent in this place.
 D = Time resting spent in this place.
 E = Time spent auto-exploring this place.
 F = Levels seen in this place.
 G = Mean time per level.
                   A        B        C        D        E       F      G
               +--------+--------+--------+--------+--------+-----+--------+
         Total |   5405 |   5171 |    234 |    287 |   3725 |   9 |  600.6 |
       Dungeon |   5366 |   5150 |    216 |    287 |   3725 |   8 |  670.8 |
        Temple |     38 |     20 |     18 |      0 |      0 |   1 |   38.0 |
               +--------+--------+--------+--------+--------+-----+--------+

Top non-repeatable levels by time:
     D:6: 1210 daAuts
     D:3: 856 daAuts
     D:4: 846 daAuts
     D:5: 768 daAuts
     D:1: 636 daAuts
     D:7: 595 daAuts
     D:2: 389 daAuts
     D:8: 63 daAuts
  Temple: 38 daAuts
